 Dungeon Sprint DCSS version 0.25.1-9-gc5326a611f (webtiles) character file.

Game seed: 10488129831203756662

2693 howech the Thaumaturge (level 9, -23/74 HPs)
             Began as a Gnoll Fire Elementalist on Dec 24, 2020.
             Was a High Priest of Okawaru.
             Annihilated by a white ugly thing (51 damage)
             ... in the Dungeon (Sprint V: "Ziggurat Sprint").
             The game lasted 00:04:09 (353 turns).

howech the Thaumaturge (Gnoll Fire Elementalist)     Turns: 353, Time: 00:04:10

Health: -23/74     AC: 17    Str: 11    XL:     9   Next: 65%
Magic:  20/22      EV: 12    Int: 27    God:    Okawaru [*****.]
Gold:   0          SH: 31    Dex: 21    Spells: 25/26 levels left

rFire    + + .     SeeInvis .   a - +7 Singing Sword {vorpal, sonic wave}
rCold    x . .     Gourm    .   F - +18 shield of the Gong {rElec rN+ MR+ EV-5}
rNeg     + . .     Faith    .   b - +5 fire dragon scales
rPois    .         Spirit   .   (no helmet)
rElec    +         Reflect  .   (no cloak)
rCorr    .         Harm     .   (no gloves)
MR       +....     NoTele   +   (no boots)
Stlth    ++++......             (no amulet)
HPRegen  0.22/turn              B - +6 ring of intelligence
MPRegen  0.18/turn              z - +6 ring of dexterity

@: heroism
A: distributed training, fangs 1, strong nose
a: Heroism, Finesse, Renounce Religion


You were in the Dungeon.
You worshipped Okawaru.
Okawaru was extremely pleased with you.
You were not hungry.

You visited 1 branch

Inventory:

Hand Weapons
 a - the +7 Singing Sword (weapon) {vorpal, sonic wave}
   (You found it in the Dungeon)

   It inflicts extra damage upon your enemies.
Armour
 b - +5 fire dragon scales (worn)
 F - the +18 shield of the Gong (worn) {rElec rN+ MR+ EV-5}
   (You found it in the Dungeon)

   It affects your evasion (-5).
   It insulates you from electricity.
   It protects you from negative energy.
   It affects your resistance to hostile enchantments.
Jewellery
 s - an uncursed ring of positive energy
 y - an uncursed ring of flight
 z - a +6 ring of dexterity (right hand)
 A - a +6 ring of dexterity
 B - a +6 ring of intelligence (left hand)
 C - a +6 ring of intelligence
 D - a +6 ring of strength
 E - a +6 ring of strength
Wands
 v - a wand of disintegration (7)
 w - a wand of iceblast (7)
 x - a wand of acid (7)
Scrolls
 i - 4 scrolls of blinking
 j - 4 scrolls of amnesia
 k - 7 scrolls of fog
 l - a scroll of holy word
 m - 5 scrolls of identify
 n - 5 scrolls of remove curse
 o - 2 scrolls of fear
 G - a scroll of brand weapon
Potions
 d - 10 potions of curing
 e - 10 potions of heal wounds
 f - 6 potions of haste
 g - 7 potions of magic
 h - 3 potions of berserk rage
 p - 2 potions of brilliance
 q - a potion of invisibility
 r - 4 potions of resistance
 t - 5 potions of stabbing
 u - 5 potions of might
Comestibles
 c - 8 rations


   Skills:
 + Level 7.9(12.9) Fighting
 + Level 7.9(12.9) Short Blades
 + Level 7.9(12.9) Long Blades
 + Level 7.9(12.9) Axes
 + Level 7.9(12.9) Maces & Flails
 + Level 7.9(12.9) Polearms
 + Level 7.9(12.9) Staves
 + Level 7.9(12.9) Slings
 + Level 7.9(12.9) Bows
 + Level 7.9(12.9) Crossbows
 + Level 7.9(12.9) Throwing
 + Level 7.9(12.9) Armour
 + Level 9.2(14.2) Dodging
 + Level 9.0(14.0) Stealth
 + Level 7.9(12.9) Shields
 + Level 7.9(12.9) Unarmed Combat
 + Level 9.4 Spellcasting
 + Level 6.9 Conjurations
 + Level 6.5 Hexes
 + Level 6.5 Charms
 + Level 6.5 Summonings
 + Level 6.5 Necromancy
 + Level 6.5 Translocations
 + Level 6.5 Transmutations
 + Level 8.6 Fire Magic
 + Level 6.5 Ice Magic
 + Level 6.5 Air Magic
 + Level 6.5 Earth Magic
 + Level 6.5 Poison Magic
 + Level 8.6 Invocations
 + Level 7.9 Evocations


You had 25 spell levels left.
You knew the following spells:

 Your Spells              Type           Power        Failure   Level  Hunger
a - Foxfire               Conj/Fire      ####         1%          1    None

Your spell library contained the following spells:

 Spells                   Type           Power        Failure   Level  Hunger
 Conjure Flame            Conj/Fire      ######..     3%          3    None
 Inner Flame              Hex/Fire       ######..     3%          3    None
 Sticky Flame             Conj/Fire      ######..     12%         4    None
 Fireball                 Conj/Fire      ######....   32%         5    ####...


Dungeon Overview and Level Annotations

Branches:
Dungeon (1/1)

Altars:
Ashenzari
Cheibriados
Dithmenos
Elyvilon
Fedhas
Gozag
Hepliaklqana
Kikubaaqudgha
Makhleb
Nemelex Xobeh
Okawaru
Qazlal
Ru
Sif Muna
Trog
Uskayaw
Vehumet
Wu Jian
Xom
Yredelemnul
Zin
The Shining One
Beogh
Jiyva
Lugonu

Annotations:
D 1 transporter


Innate Abilities, Weirdness & Mutations

Your experience applies equally to all skills.
You have very sharp teeth.
Your uncanny sense of smell can sniff out nearby items.


Message History

You send a blast of sound all around you.
The polar bear, the white ugly thing and the komodo dragon are blasted.
The polar bear is severely wounded.
The white ugly thing is moderately wounded.
You kill the komodo dragon!
Okawaru is honoured by your kill.
The komodo dragon's shape twists and changes as it dies.
Your base Stealth skill increases to level 9!
You block the white ugly thing's attack.
SHROANNG!
The polar bear barely misses you. The polar bear claws you.
You block the polar bear's attack.
PTOANNNG!
Unknown command.
You hit the polar bear.
The polar bear is almost dead.
The white ugly thing tentacle-slaps you.
The white ugly thing freezes you!!!
You feel a terrible chill!
Ouch! That really hurt!
You die...

▓.....▓.....▓.....▓
▓..(..▓.....▓..©..▓
▓..©..▓..©..▓▓▓▓▓▓▓
▓▓▓▓▓▓▓▓▓▓▓▓▓▓
▓..8©8...▓
▓..==:...▓ ∆∆∆
▓...:....▓ ∆ ∆
▓..h†u...▓
▓...@....▓ ∆
▓.▓....▓.▓ ∆
▓...©....▓
▓▓▓▓▓▓▓▓▓▓ ∆∆∆∆ ∆∆∆


You could see a white ugly thing and a polar bear.

Vanquished Creatures
  A dancing weapon (D)
  4 toenail golems (D)
  A komodo dragon (shapeshifter) (D)
  A golden eye (shapeshifter) (D)
  2 necrophages (D)
  A phantom (D)
  A centaur (shapeshifter) (D)
11 creatures vanquished.

Notes
Turn   | Place    | Note
-------+----------+-------------------------------------------
     0 | D        | howech the Gnoll Fire Elementalist began the quest for the
                  | Orb.
     0 | D        | Reached XP level 1. HP: 13/13 MP: 6/6
    15 | D        | Found a blossoming altar of Fedhas.
    16 | D        | Found the +6 Majin-Bo {vamp, Archmagi MP+6 Int+6}
    16 | D        | Found the +7 great mace "Firestarter" {inner flame, rF++}
    16 | D        | Found a viscous altar of Jiyva.
    16 | D        | Found a transporter.
    16 | D        | Found a hazy altar of Hepliaklqana.
    16 | D        | Found an ancient bone altar of Kikubaaqudgha.
    16 | D        | Found an opulent altar of Gozag.
    16 | D        | Found a corrupted altar of Lugonu.
    19 | D        | Found a burning altar of Makhleb.
    21 | D        | Found an iron altar of Okawaru.
    21 | D        | Found a stormy altar of Qazlal.
    21 | D        | Found a sparkling altar of Nemelex Xobeh.
    21 | D        | Found a sacrificial altar of Ru.
    21 | D        | Found a shimmering blue altar of Sif Muna.
    26 | D        | Found the +6 shillelagh "Devastator" {shatter}
    26 | D        | Found the +11 plutonium sword {*Contam Stlth-}
    26 | D        | Found the +8 lance "Wyrmbane" {slay drac, rPois rF+ rC+
                  | AC+3}
    26 | D        | Found the +9 sword of Zonguldrok {reap}
    26 | D        | Found the cursed +13 scythe of Curses {drain, *Curse}
    26 | D        | Found the +0 sword of Power
    26 | D        | Found the +7 mace of Variability {chain chaos}
    26 | D        | Found the +7 Singing Sword {vorpal, sonic wave}
    26 | D        | Found the +8 storm bow {elec, penet}
    31 | D        | Found a bloodstained altar of Trog.
    51 | D        | Became a worshipper of Warmaster Okawaru
    57 | D        | Found the +9 heavy crossbow "Sniper" {vorpal, Acc+∞ SInv}
    57 | D        | Found the +10 dark maul {vorpal}
    57 | D        | Found the +15 Maxwell's patent armour {-Cast -Tele rElec
                  | MR+ rCorr}
    57 | D        | Found the +18 shield of the Gong {rElec rN+ MR+ EV-5}
    57 | D        | Found the cursed +14 obsidian axe {vorpal, +Fly SInv
                  | *Curse}
    67 | D        | Reached skill level 5 in Dodging
    67 | D        | Reached skill level 5 in Spellcasting
    67 | D        | Reached skill level 1 in Hexes
    67 | D        | Reached skill level 1 in Charms
    67 | D        | Reached skill level 1 in Summonings
    67 | D        | Reached skill level 1 in Necromancy
    67 | D        | Reached skill level 1 in Translocations
    67 | D        | Reached skill level 1 in Transmutations
    67 | D        | Reached skill level 1 in Ice Magic
    67 | D        | Reached skill level 1 in Air Magic
    67 | D        | Reached skill level 1 in Earth Magic
    67 | D        | Reached skill level 1 in Poison Magic
    67 | D        | Reached XP level 2. HP: 22/22 MP: 6/8
    69 | D        | Entered arena 2.
    69 | D        | Noticed a raiju
    69 | D        | Noticed a +1 scimitar of holy wrath
    69 | D        | a raiju changed into something unseen
    69 | D        | Found a transporter.
    73 | D        | Killed a +1 scimitar of holy wrath
    73 | D        | Reached * piety under Okawaru
    73 | D        | Reached ** piety under Okawaru
    73 | D        | Reached *** piety under Okawaru
    73 | D        | Reached skill level 5 in Fighting
    73 | D        | Reached skill level 5 in Short Blades
    73 | D        | Reached skill level 5 in Long Blades
    73 | D        | Reached skill level 5 in Axes
    73 | D        | Reached skill level 5 in Maces & Flails
    73 | D        | Reached skill level 5 in Polearms
    73 | D        | Reached skill level 5 in Staves
    73 | D        | Reached skill level 5 in Slings
    73 | D        | Reached skill level 5 in Bows
    73 | D        | Reached skill level 5 in Crossbows
    73 | D        | Reached skill level 5 in Throwing
    73 | D        | Reached skill level 5 in Armour
    73 | D        | Reached skill level 5 in Shields
    73 | D        | Reached skill level 5 in Unarmed Combat
    73 | D        | Reached skill level 5 in Conjurations
    73 | D        | Reached skill level 5 in Evocations
    73 | D        | Reached XP level 3. HP: 27/33 MP: 7/12
    73 | D        | Reached XP level 4. HP: 32/39 MP: 7/13
    73 | D        | Reached XP level 5. HP: 37/45 MP: 8/15
    73 | D        | Reached XP level 6. HP: 43/51 MP: 8/16
    73 | D        | Reached XP level 7. HP: 47/56 MP: 9/18
    85 | D        | Noticed a golden eye
    87 | D        | Killed a golden eye
    87 | D        | Reached **** piety under Okawaru
   200 | D        | Entered arena 3.
   200 | D        | Found a transporter.
   204 | D        | Reached skill level 5 in Hexes
   204 | D        | Reached skill level 5 in Charms
   204 | D        | Reached skill level 5 in Summonings
   204 | D        | Reached skill level 5 in Necromancy
   204 | D        | Reached skill level 5 in Translocations
   204 | D        | Reached skill level 5 in Transmutations
   204 | D        | Reached skill level 5 in Ice Magic
   204 | D        | Reached skill level 5 in Air Magic
   204 | D        | Reached skill level 5 in Earth Magic
   204 | D        | Reached skill level 5 in Poison Magic
   204 | D        | Reached XP level 8. HP: 64/64 MP: 19/19
   316 | D        | Entered arena 4.
   316 | D        | Noticed a toenail golem
   316 | D        | Noticed a toenail golem
   316 | D        | Noticed a toenail golem
   316 | D        | Noticed a toenail golem
   316 | D        | Found a transporter.
   320 | D        | Killed a toenail golem
   323 | D        | Killed a toenail golem
   323 | D        | Reached ***** piety under Okawaru
   323 | D        | Reached XP level 9. HP: 72/72 MP: 19/21
   324 | D        | Killed a toenail golem
   324 | D        | Received a gift from Okawaru
   325 | D        | Killed a toenail golem
   346 | D        | Entered arena 5.
   346 | D        | Noticed a polar bear
   346 | D        | Noticed a white ugly thing
   346 | D        | Noticed a komodo dragon
   346 | D        | Found a transporter.
   352 | D        | Killed a komodo dragon
   353 | D        | Annihilated by a white ugly thing

Illustrated notes

Levels and vault maps discovered:
D:        sprint_v [room_start, room_1, room_2, room_3, room_4, room_5, room_6,
          room_7, room_8, room_9, room_10, room_11, room_12, room_13, room_14,
          room_15, room_16, room_17, room_18, room_19, room_20, room_21,
          room_22, room_23, room_24, room_25, room_26, room_27]

Skill      XL: |  1  2  3  4  5  6  7  8  9 |
---------------+----------------------------+-----
Fighting       | 2 5 6 7 |  7.9
Short Blades   | 2 5 6 7 |  7.9
Long Blades    | 2 5 6 7 |  7.9
Axes           | 2 5 6 7 |  7.9
Maces & Flails | 2 5 6 7 |  7.9
Polearms       | 2 5 6 7 |  7.9
Staves         | 2 5 6 7 |  7.9
Slings         | 2 5 6 7 |  7.9
Bows           | 2 5 6 7 |  7.9
Crossbows      | 2 5 6 7 |  7.9
Throwing       | 2 5 6 7 |  7.9
Armour         | 2 5 6 7 |  7.9
Dodging        | 5 7 8 9 |  9.2
Shields        | 2 5 6 7 |  7.9
Unarmed Combat | 2 5 6 7 |  7.9
Spellcasting   | 5 7 8 9 |  9.4
Conjurations   | 2 5 6 |  6.9
Hexes          | 1 4 5 6 |  6.5
Charms         | 1 4 5 6 |  6.5
Summonings     | 1 4 5 6 |  6.5
Necromancy     | 1 4 5 6 |  6.5
Translocations | 1 4 5 6 |  6.5
Transmutations | 1 4 5 6 |  6.5
Ice Magic      | 1 4 5 6 |  6.5
Air Magic      | 1 4 5 6 |  6.5
Earth Magic    | 1 4 5 6 |  6.5
Poison Magic   | 1 4 5 6 |  6.5
Invocations    | 2 6 7 8 |  8.6
Evocations     | 2 5 6 7 |  7.9
Stealth        | 7 8 9 |  9.0
Fire Magic     | 7 8 |  8.6

Action                   |  1- 3 |  4- 6 |  7- 9 || total
-------------------------+-------+-------+-------++-------
Melee: Double sword      |     3 |       |    22 ||    25
Invok: Heroism           |       |       |     2 ||     2
  Use: Potion            |     2 |       |       ||     2
 Stab: Invisible         |     1 |       |       ||     1
Armor: Fire dragon scale |     1 |       |     5 ||     6
Dodge: Dodged            |     1 |       |     5 ||     6
Block: Kite shield       |     4 |       |    30 ||    34
